[ AOE2 MATCH · #506242412 ]
UnrankedChinese vs Tupi
Player's team · WIN
Rival team · LOSS
[ REPLAY ANALYSIS · EXTRACTED FROM THE RECORDED GAME ]
Feudal
9:02
Castle
21:15
Imperial
36:28
| APM avg | 63.4 |
| APM peak | 98 |
| eAPM avg | 28.3 |
| Villagers / military | 146 / 157 |
Focus
⚔️ 45.7% · 🌾 54.3%
Archer ×126 · Iron Pagoda ×14 · Trebuchet (Packed) ×10 · Militia ×4 · Monk ×2 · Battering Ram ×1
Feudal
10:31
Castle
14:13
Imperial
34:55
| APM avg | 25.8 |
| APM peak | 41 |
| eAPM avg | 16.1 |
| Villagers / military | 107 / 18 |
Focus
⚔️ 37.6% · 🌾 62.4%
Unknown (2579) ×40 · Mangonel ×9 · Trebuchet (Packed) ×8 · Battering Ram ×1
Match map
Initial resources + every placement click. Lines = walls · curves = elevation contours. ◆ gold · ⬟ stone · ● berries · ✦ relic · ◌ wall gap
Your base· ✓ Closed at 21:15 · 47t walls · no gate
Jhoonas's base· Open — unwalled flank
Smoothed initial terrain · ◌ = detected wall gap · hover for details
Inputs per minute
— [CL] Al3jandr0.magn00 - - Jhoonas
Build order — [CL] Al3jandr0.magn00
First 150 of 478 actions detected
| 0:08 | Research | Loom |
| 0:40 | Queue | Villager (Male) |
| 0:40 | Queue | Villager (Male) |
| 1:07 | Queue | Villager (Male) |
| 1:34 | Queue | Villager (Male) |
| 1:39 | Build | Lumber Camp |
| 2:05 | Queue | Villager (Male) |
| 2:22 | Queue | Villager (Male) |
| 2:52 | Queue | Villager (Male) |
| 2:59 | Build | House |
| 3:10 | Queue | Villager (Male) |
| 3:31 | Queue | Villager (Male) |
| 3:39 | Queue | Villager (Male) |
| 3:49 | Queue | Villager (Male) |
| 4:25 | Queue | Villager (Male) |
| 4:26 | Queue | Villager (Male) |
| 4:57 | Queue | Villager (Male) |
| 5:04 | Build | House |
| 5:17 | Build | Mill |
| 5:19 | Queue | Villager (Male) |
| 6:18 | Queue | Villager (Male) |
| 6:22 | Build | Barracks |
| 6:52 | Research | Feudal Age |
| 6:53 | Research | Feudal Age |
| 7:09 | Build | Mining Camp |
| 7:17 | Build | House |
| 7:25 | Queue | Militia |
| 7:33 | Queue | Militia |
| 7:53 | Queue | Militia |
| 7:54 | Queue | Militia |
| 8:10 | Build | House |
| 8:44 | Queue | Villager (Male) |
| 9:02 | Age | Feudal Age |
| 9:05 | Research | Man-at-Arms (upgrade) |
| 9:16 | Build | Archery Range |
| 9:19 | Research | Double-Bit Axe |
| 9:59 | Queue | Villager (Male) |
| 9:59 | Queue | Villager (Male) |
| 10:04 | Queue | Archer |
| 10:05 | Queue | Archer |
| 10:07 | Queue | Villager (Male) |
| 10:09 | Build | House |
| 10:23 | Build | Farm |
| 10:24 | Build | Farm |
| 10:25 | Queue | Villager (Male) |
| 10:30 | Build | Farm |
| 10:38 | Build | Outpost |
| 10:41 | Research | Town Watch |
| 10:45 | Build | Farm |
| 11:00 | Queue | Archer |
| 11:00 | Queue | Archer |
| 11:16 | Queue | Archer |
| 11:21 | Queue | Villager (Male) |
| 11:21 | Queue | Villager (Male) |
| 11:24 | Build | Farm |
| 11:38 | Build | House |
| 11:43 | Queue | Villager (Male) |
| 11:48 | Build | Farm |
| 12:11 | Queue | Villager (Male) |
| 12:24 | Build | Watch Tower |
| 12:39 | Queue | Archer |
| 12:39 | Queue | Archer |
| 12:51 | Build | House |
| 13:06 | Queue | Villager (Male) |
| 13:08 | Build | Farm |
| 13:08 | Build | Farm |
| 13:16 | Build | Blacksmith |
| 13:22 | Queue | Villager (Male) |
| 13:24 | Build | Farm |
| 13:24 | Build | Farm |
| 13:25 | Queue | Villager (Male) |
| 13:29 | Queue | Archer |
| 13:37 | Queue | Villager (Male) |
| 13:37 | Queue | Villager (Male) |
| 13:51 | Queue | Villager (Male) |
| 14:05 | Build | Watch Tower |
| 14:20 | Build | Palisade Wall |
| 14:22 | Build | Palisade Wall |
| 14:30 | Queue | Archer |
| 14:32 | Queue | Villager (Male) |
| 14:34 | Build | Farm |
| 14:40 | Build | House |
| 14:48 | Build | House |
| 14:54 | Research | Fletching |
| 14:54 | Queue | Villager (Male) |
| 14:59 | Build | Watch Tower |
| 15:04 | Queue | Villager (Male) |
| 15:04 | Queue | Villager (Male) |
| 15:06 | Build | Farm |
| 15:22 | Queue | Archer |
| 15:22 | Queue | Archer |
| 15:27 | Queue | Villager (Male) |
| 15:29 | Build | Farm |
| 15:29 | Build | Farm |
| 15:43 | Build | Palisade Wall |
| 15:50 | Queue | Archer |
| 15:50 | Queue | Archer |
| 15:59 | Queue | Villager (Male) |
| 16:01 | Build | House |
| 16:02 | Build | House |
| 16:04 | Build | House |
| 16:05 | Build | Palisade Wall |
| 16:07 | Queue | Villager (Male) |
| 16:20 | Queue | Archer |
| 16:27 | Build | House |
| 16:29 | Queue | Villager (Male) |
| 16:33 | Queue | Villager (Male) |
| 16:34 | Queue | Villager (Male) |
| 17:25 | Queue | Villager (Male) |
| 17:27 | Build | Mining Camp |
| 17:29 | Build | Mining Camp |
| 17:49 | Build | House |
| 17:55 | Queue | Villager (Male) |
| 18:03 | Build | Stone Wall |
| 18:12 | Build | Market |
| 18:12 | Build | House |
| 18:16 | Build | House |
| 18:22 | Queue | Archer |
| 18:23 | Queue | Archer |
| 18:32 | Build | House |
| 18:35 | Research | Castle Age |
| 18:44 | Build | Stone Wall |
| 18:48 | Build | Stone Wall |
| 18:56 | Build | Stone Wall |
| 19:04 | Queue | Archer |
| 19:04 | Queue | Archer |
| 19:13 | Queue | Villager (Male) |
| 19:38 | Build | Stone Wall |
| 19:41 | Queue | Archer |
| 19:41 | Queue | Archer |
| 19:49 | Queue | Villager (Male) |
| 19:52 | Build | Palisade Wall |
| 19:57 | Build | Palisade Wall |
| 20:03 | Queue | Villager (Male) |
| 20:29 | Queue | Villager (Male) |
| 20:36 | Research | Horse Collar |
| 20:44 | Build | Palisade Wall |
| 21:01 | Queue | Archer |
| 21:02 | Queue | Archer |
| 21:10 | Build | House |
| 21:15 | Age | Castle Age |
| 21:25 | Build | Town Center |
| 21:27 | Queue | Villager (Male) |
| 21:27 | Queue | Villager (Male) |
| 21:36 | Research | Bodkin Arrow |
| 21:39 | Build | Watch Tower |
| 21:54 | Queue | Villager (Male) |
| 22:04 | Build | House |
| 22:05 | Build | House |
| 22:06 | Build | House |
Build order — Jhoonas
First 150 of 266 actions detected
| 0:00 | Queue | Villager (Male) |
| 0:01 | Queue | Villager (Male) |
| 0:01 | Queue | Villager (Male) |
| 0:02 | Build | House |
| 0:04 | Build | House |
| 0:18 | Queue | Villager (Male) |
| 1:00 | Queue | Villager (Male) |
| 1:48 | Queue | Villager (Male) |
| 2:21 | Queue | Villager (Male) |
| 2:22 | Queue | Villager (Male) |
| 3:01 | Queue | Villager (Male) |
| 3:11 | Queue | Villager (Male) |
| 3:23 | Queue | Villager (Male) |
| 3:34 | Build | Settlement |
| 4:19 | Queue | Villager (Male) |
| 4:36 | Queue | Villager (Male) |
| 5:00 | Queue | Villager (Male) |
| 5:15 | Queue | Villager (Male) |
| 5:20 | Build | Settlement |
| 5:53 | Queue | Villager (Male) |
| 6:18 | Queue | Villager (Male) |
| 6:44 | Queue | Villager (Male) |
| 6:47 | Queue | Villager (Male) |
| 6:48 | Research | Loom |
| 7:13 | Build | Settlement |
| 7:51 | Research | Feudal Age |
| 8:50 | Queue | Villager (Male) |
| 8:50 | Queue | Villager (Male) |
| 9:48 | Build | Palisade Wall |
| 10:15 | Build | Palisade Wall |
| 10:17 | Build | Palisade Wall |
| 10:21 | Build | Palisade Wall |
| 10:31 | Age | Feudal Age |
| 10:39 | Build | Market |
| 10:43 | Build | Blacksmith |
| 11:07 | Build | Farm |
| 11:33 | Research | Castle Age |
| 11:50 | Build | Watch Tower |
| 13:22 | Build | Farm |
| 13:26 | Build | Farm |
| 13:35 | Queue | Villager (Male) |
| 13:35 | Queue | Villager (Male) |
| 14:13 | Age | Castle Age |
| 14:34 | Queue | Villager (Male) |
| 15:22 | Queue | Villager (Male) |
| 15:30 | Queue | Villager (Male) |
| 16:32 | Queue | Villager (Male) |
| 16:34 | Queue | Villager (Male) |
| 16:39 | Build | Farm |
| 16:56 | Build | Castle |
| 17:13 | Queue | Villager (Male) |
| 17:46 | Build | Settlement |
| 17:58 | Queue | Unit 2579 |
| 17:58 | Queue | Unit 2579 |
| 18:18 | Build | Farm |
| 18:19 | Build | Farm |
| 18:21 | Build | Farm |
| 18:22 | Queue | Villager (Male) |
| 18:51 | Build | Settlement |
| 19:28 | Queue | Villager (Male) |
| 19:33 | Queue | Unit 2579 |
| 19:33 | Queue | Unit 2579 |
| 19:44 | Research | Fletching |
| 19:56 | Queue | Unit 2579 |
| 19:57 | Queue | Villager (Male) |
| 19:59 | Build | Farm |
| 20:17 | Queue | Unit 2579 |
| 20:40 | Queue | Villager (Male) |
| 20:49 | Queue | Villager (Male) |
| 20:52 | Build | Siege Workshop |
| 21:02 | Queue | Villager (Male) |
| 21:02 | Queue | Unit 2579 |
| 21:03 | Queue | Villager (Male) |
| 21:14 | Queue | Unit 2579 |
| 21:32 | Queue | Villager (Male) |
| 21:40 | Queue | Mangonel |
| 21:44 | Queue | Villager (Male) |
| 21:55 | Research | Bodkin Arrow |
| 21:59 | Queue | Unit 2579 |
| 22:26 | Queue | Villager (Male) |
| 22:31 | Queue | Unit 2579 |
| 22:44 | Queue | Villager (Male) |
| 23:00 | Queue | Villager (Male) |
| 23:10 | Queue | Battering Ram |
| 23:31 | Queue | Villager (Male) |
| 23:41 | Build | Settlement |
| 23:42 | Queue | Villager (Male) |
| 23:44 | Queue | Mangonel |
| 23:46 | Queue | Unit 2579 |
| 23:46 | Queue | Unit 2579 |
| 23:57 | Build | Farm |
| 24:07 | Queue | Villager (Male) |
| 24:07 | Queue | Unit 2579 |
| 24:11 | Queue | Mangonel |
| 24:23 | Queue | Villager (Male) |
| 24:30 | Research | Town Watch |
| 24:35 | Queue | Villager (Male) |
| 24:41 | Research | Double-Bit Axe |
| 24:44 | Queue | Unit 2579 |
| 25:06 | Queue | Villager (Male) |
| 25:10 | Build | Farm |
| 25:25 | Queue | Villager (Male) |
| 25:44 | Queue | Villager (Male) |
| 25:45 | Queue | Unit 2579 |
| 25:50 | Build | Farm |
| 25:52 | Build | Farm |
| 25:58 | Queue | Mangonel |
| 25:58 | Queue | Unit 2579 |
| 26:09 | Queue | Villager (Male) |
| 26:14 | Research | Horse Collar |
| 26:33 | Queue | Villager (Male) |
| 26:42 | Queue | Villager (Male) |
| 26:52 | Queue | Villager (Male) |
| 26:53 | Queue | Unit 2579 |
| 26:54 | Queue | Unit 2579 |
| 27:01 | Research | Gold Mining |
| 27:13 | Queue | Unit 2579 |
| 27:38 | Build | Farm |
| 27:40 | Build | Farm |
| 28:33 | Queue | Villager (Male) |
| 28:33 | Queue | Villager (Male) |
| 28:35 | Queue | Unit 2579 |
| 28:35 | Queue | Unit 2579 |
| 28:39 | Research | Wheelbarrow |
| 28:41 | Queue | Unit 2579 |
| 28:43 | Queue | Mangonel |
| 29:29 | Queue | Villager (Male) |
| 29:42 | Queue | Villager (Male) |
| 29:49 | Build | Settlement |
| 30:13 | Queue | Villager (Male) |
| 30:16 | Research | Bow Saw |
| 30:21 | Build | House |
| 30:21 | Build | House |
| 30:22 | Build | House |
| 30:23 | Build | House |
| 30:25 | Build | Palisade Wall |
| 30:45 | Queue | Villager (Male) |
| 30:45 | Queue | Villager (Male) |
| 30:54 | Queue | Unit 2579 |
| 31:11 | Queue | Villager (Male) |
| 31:18 | Queue | Unit 2579 |
| 31:33 | Queue | Villager (Male) |
| 31:45 | Research | Imperial Age |
| 32:07 | Queue | Unit 2579 |
| 32:07 | Queue | Unit 2579 |
| 32:12 | Queue | Villager (Male) |
| 32:20 | Build | Settlement |
| 33:07 | Queue | Villager (Male) |
| 33:08 | Queue | Villager (Male) |
| 33:12 | Queue | Villager (Male) |
Match timeline
| 6:22 | [CL] Al3jandr0.magn00 · first_building Barracks |
| 9:02 | [CL] Al3jandr0.magn00 · age_up feudal |
| 9:16 | [CL] Al3jandr0.magn00 · first_building Archery Range |
| 9:48 | Jhoonas · wall_segment Palisade Wall x1 |
| 10:15 | Jhoonas · wall_segment Palisade Wall x1 |
| 10:17 | Jhoonas · wall_segment Palisade Wall x1 |
| 10:21 | Jhoonas · wall_segment Palisade Wall x2 |
| 10:31 | Jhoonas · age_up feudal |
| 11:32 | Jhoonas · first_market_buy 100 food |
| 14:13 | Jhoonas · age_up castle |
| 14:20 | [CL] Al3jandr0.magn00 · wall_segment Palisade Wall x1 |
| 14:22 | [CL] Al3jandr0.magn00 · wall_segment Palisade Wall x1 |
| 15:43 | [CL] Al3jandr0.magn00 · wall_segment Palisade Wall x1 |
| 16:05 | [CL] Al3jandr0.magn00 · wall_segment Palisade Wall x1 |
| 16:56 | Jhoonas · first_building Castle |
| 18:03 | [CL] Al3jandr0.magn00 · wall_segment Stone Wall x11 |
| 18:44 | [CL] Al3jandr0.magn00 · wall_segment Stone Wall x7 |
| 18:48 | [CL] Al3jandr0.magn00 · wall_segment Stone Wall x5 |
| 18:56 | [CL] Al3jandr0.magn00 · wall_segment Stone Wall x2 |
| 19:30 | [CL] Al3jandr0.magn00 · first_market_sell 100 food |
| 19:31 | [CL] Al3jandr0.magn00 · first_market_buy 100 stone |
| 19:38 | [CL] Al3jandr0.magn00 · wall_segment Stone Wall x6 |
| 19:52 | [CL] Al3jandr0.magn00 · wall_segment Palisade Wall x9 |
| 19:57 | [CL] Al3jandr0.magn00 · wall_segment Palisade Wall x5 |
| 20:44 | [CL] Al3jandr0.magn00 · wall_segment Palisade Wall x1 |
| 20:52 | Jhoonas · first_building Siege Workshop |
| 21:15 | [CL] Al3jandr0.magn00 · age_up castle |
| 21:51 | Jhoonas · first_market_sell 100 wood |
| 24:00 | [CL] Al3jandr0.magn00 · first_building Siege Workshop |
| 30:25 | Jhoonas · wall_segment Palisade Wall x9 |
| 31:46 | [CL] Al3jandr0.magn00 · first_building Castle |
| 33:23 | [CL] Al3jandr0.magn00 · first_building Monastery |
| 34:55 | Jhoonas · age_up imperial |
| 36:28 | [CL] Al3jandr0.magn00 · age_up imperial |
| 47:04 | [CL] Al3jandr0.magn00 · first_building Stable |
| 48:33 | Jhoonas · resign |
[ AI ANALYSIS · 1 CREDIT ]
What really happened in this match?
Wolo.gg analyzes every decision: build order, eco, micro, common mistakes by bracket. Personalized analysis on WhatsApp or Discord in 30 seconds.
Civ guide
Chinese
Perfil
Jugador #5571038